 Dungeon Crawl Stone Soup version 0.29-a0-1006-g0dd7720b37 (webtiles) character file.

Game seed: 4198184477545105253

135 vurker the Insei (level 5, 0/26 HPs)
             Began as a Vine Stalker Enchanter on Aug 6, 2022.
             Slain by a gnoll bouda
             ... wielding a +0 club
              (5 damage)
             ... on level 3 of the Dungeon.
             The game lasted 00:03:02 (3540 turns).

vurker the Insei (Vine Stalker Enchanter)           Turns: 3540, Time: 00:03:02

Health: 0/26       AC:  9    Str: 13    XL:     5   Next: 18%
Magic:  0/9        EV:  9    Int: 15    God:
Gold:   159        SH:  0    Dex: 14    Spells: 8/8 levels left

rFire   . . .      SeeInvis +     - Unarmed
rCold   . . .      Faith    .   (no shield)
rNeg    . . .      Spirit   +   h - +0 scale mail
rPois   .          Reflect  .   (no helmet)
rElec   .          Harm     .   (no cloak)
rCorr   .          Rampage  .   n - +0 pair of gloves
Will    .....                   e - +1 pair of boots
Stlth   +.........              (no amulet)
HPRegen 0.88/turn               g - ring of see invisible
MPRegen 0.11/turn               (no ring)

@: weakened
A: fangs 2, regeneration 1, magic shield, antimagic bite, no potion heal 2
a: no special abilities


You were on level 3 of the Dungeon.
You visited 1 branch of the dungeon, and saw 4 of its levels.

You collected 159 gold pieces.

Inventory:

Armour
 e - a +1 pair of boots (worn)
   (You found it on level 1 of the Dungeon)
 h - a +0 scale mail (worn)
   (You found it on level 2 of the Dungeon)
 n - a +0 pair of gloves (worn)
   (You found it on level 3 of the Dungeon)
Jewellery
 g - a ring of see invisible (left hand)
   (You found it on level 2 of the Dungeon)
Scrolls
 a - a scroll of fog {unknown}
 b - a scroll of amnesia {unknown}
 d - 3 scrolls of vulnerability {unknown}
 i - 2 scrolls of teleportation {unknown}
Potions
 c - 2 potions of invisibility
 f - a potion of curing {unknown}
 j - a potion of cancellation {unknown}
 k - a potion of magic {unknown}
 l - 2 potions of degeneration {unknown}


   Skills:
 + Level 2.2 Fighting
 - Level 0.8 Short Blades
 - Level 1.5 Dodging
 - Level 3.6 Stealth
 * Level 3.8 Unarmed Combat
 - Level 2.1 Spellcasting
 - Level 3.0 Hexes


You had 8 spell levels left.
You didn't know any spells.
Your spell library contained the following spells:

 Spells                   Type           Power      Damage    Failure   Level
 Ensorcelled Hibernation  Hex/Ice        12%        N/A       65%         2
 Confusing Touch          Hex            10%        N/A       67%         3
 Tukima's Dance           Hex            10%        N/A       67%         3
 Foxfire                  Conj/Fire      4%         2x1d4     73%         1
 Dazzling Flash           Conj/Hex       12%        N/A       87%         3
 Inner Flame              Hex/Fire       6%         N/A       87%         3
 Conjure Flame            Conj/Fire      1%         6-21      97%         3
 Flame Wave               Conj/Fire      1%         2d4       100%        4


Dungeon Overview and Level Annotations

Branches:
Dungeon (4/15)
 Temple: D:4-7

Altars:


Innate Abilities, Weirdness & Mutations

You have extremely sharp teeth.
Your natural rate of healing is unusually fast.
When hurt, damage is shared between your health and your magic reserves.
Your bite disrupts and absorbs the magic of your enemies.
Potions cannot restore your health.


Message History

You feel your attacks grow feeble. The gnoll attacks as you move away!
The gnoll hits you with a +0 flail. The gnoll hits you but does no damage.
A gnoll comes into view. It is wielding a +0 flail.
The gnoll bouda barks out a call to the hunt!
The gnolls pick up the pace!
The gnoll attacks as you move away! The gnoll hits you with a +0 club.
The gnoll hits you but does no damage. The gnoll attacks as you move away!
The gnoll hits you with a +0 club. The gnoll attacks as you move away!
The gnoll hits you but does no damage.
Your attacks no longer feel as feeble.
You see here a giant cockroach corpse.
The gnoll barely misses you. The gnoll attacks as you move away!
The gnoll hits you with a +0 club.
The hobgoblin hits you but does no damage.
You hit the hobgoblin. You bite the hobgoblin.
You kill the hobgoblin!
The gnoll is no longer moving quickly.
The gnoll closely misses you.
The gnoll bouda hits you with a +0 club.
The gnoll hits you with a +0 club.
* * * LOW HITPOINT WARNING * * *
There is a stone staircase leading up here.
The gnoll bouda completely misses you. The gnoll closely misses you.
You climb upwards.
There is a stone staircase leading down here.
You hit the gnoll bouda but do no damage.
The gnoll bouda hits you with a +0 club.
* * * LOW HITPOINT WARNING * * *
The gnoll hits you but does no damage.
You hit the gnoll but do no damage. You bite the gnoll, but do no damage.
The gnoll bouda hits you but does no damage.
Unknown command.
You closely miss the gnoll. The gnoll hits you with a +0 club.
* * * LOW HITPOINT WARNING * * *
The gnoll bouda hits you with a +0 club!
* * * LOW HITPOINT WARNING * * *
You hit the gnoll.
The gnoll is no longer moving quickly.
The gnoll barely misses you.
The gnoll bouda hits you with a +0 club.
* * * LOW HITPOINT WARNING * * *
You barely miss the gnoll. The gnoll closely misses you.
The gnoll bouda barely misses you.
You punch the gnoll! The gnoll barely misses you.
The gnoll bouda barely misses you.
You closely miss the gnoll. Your bite misses the gnoll.
The gnoll hits you but does no damage.
The gnoll bouda gazes fiercely through you!
You feel your attacks grow feeble.
The gnoll bouda hits you with a +0 club.
You die...

#....###.# #.[..#
#.# #....# #.#
#....# #.#
#########.#
#.......#.#
#.......#.#
####.......#.#####
...............g@#
.............###g#
.###.......### #.#
.# #.......# #.#
.# #.......# #.#
.# #.......# #.#
.# #.......# #.#
.###############.#
.................#


You could see a gnoll bouda and a gnoll.

Vanquished Creatures
  4 gnolls (D:4)
  2 adders
  3 worms
  4 dart slugs
  7 endoplasms
  2 giant cockroaches
  5 goblins
  5 hobgoblins
  8 kobolds
  2 quokkas
  8 ball pythons
  3 bats
  3 frilled lizards
  7 rats
63 creatures vanquished.

Notes
Turn   | Place    | Note
-------+----------+-------------------------------------------
     0 | D:1      | vurker the Vine Stalker Enchanter began the quest for the
                  | Orb.
     0 | D:1      | Reached XP level 1. HP: 9/9 MP: 4/4
   201 | D:1      | Reached skill level 1 in Unarmed Combat
   480 | D:1      | Reached XP level 2. HP: 6/14 MP: 1/6
   731 | D:1      | Found a faded altar of an unknown god.
  1079 | D:1      | Reached skill level 1 in Fighting
  1711 | D:2      | Reached XP level 3. HP: 18/18 MP: 7/7
  2215 | D:2      | Gained mutation: Your natural rate of healing is unusually
                  | fast. [Vine Stalker growth]
  2215 | D:2      | Reached XP level 4. HP: 22/22 MP: 4/8
  3393 | D:4      | Reached XP level 5. HP: 22/26 MP: 9/9
  3540 | D:3      | Slain by a gnoll bouda

Illustrated notes

Levels and vault maps discovered:
D:1:      dpeg_arrival_chambers_temple_mockup, layout_loops_ring,
          basic_ecumenical_altar, serial_forest, infiniplex_forest_clump_curved,
          infiniplex_forest_fountain, infiniplex_forest_lined_3,
          infiniplex_forest_split, infiniplex_forest_lined_3_way,
          infiniplex_forest_clump_small, infiniplex_forest_corner_1,
          roderic_roman_lattice
D:2:      layout_basic
D:3:      layout_basic
D:4:      layout_loops_ring, chequers_serial_rivers_room_b

Skill      XL: |  1  2  3  4 |
---------------+-------------+-----
Unarmed Combat | 1 2 3 |  3.8
Fighting       | 1 2 |  2.2
Short Blades   | |  0.8
Dodging        | |  1.5
Stealth        | |  3.6
Spellcasting   | |  2.1
Hexes          | |  3.0

Action                   |  1- 3 |  4- 6 || total
-------------------------+-------+-------++-------
Melee: Unarmed           |   141 |    85 ||   226
       Bite              |    35 |    32 ||    67
       Punch             |     2 |     2 ||     4
 Stab: Sleeping          |     9 |     2 ||    11
Armor: Robe              |    13 |       ||    13
       Scale mail        |    24 |    32 ||    56
Dodge: Dodged            |    74 |    39 ||   113

Table legend: (Time is in decaauts)
 A = Elapsed time spent in this place.
 B = Non-inter-level travel time spent in this place.
 C = Inter-level travel time spent in this place.
 D = Time resting spent in this place.
 E = Time spent auto-exploring this place.
 F = Levels seen in this place.
 G = Mean time per level.
                   A        B        C        D        E       F      G
               +--------+--------+--------+--------+--------+-----+--------+
         Total |   3530 |   3435 |     95 |      0 |   2875 |   4 |  882.5 |
       Dungeon |   3530 |   3435 |     95 |      0 |   2875 |   4 |  882.5 |
               +--------+--------+--------+--------+--------+-----+--------+

Top non-repeatable levels by time:
     D:1: 1666 daAuts
     D:2: 817 daAuts
     D:3: 728 daAuts
     D:4: 316 daAuts
